 Dungeon Crawl Stone Soup version 0.27.1-33-g824d729ab1 (webtiles) character file.

Game seed: 2894771706048310082

202 SensoryNuts the Chopper (level 5, 0/46 HPs)
             Began as a Draconian Monk on Dec 10, 2021.
             Slain by a goblin (1 damage)
             ... on level 3 of the Dungeon.
             The game lasted 00:02:55 (2164 turns).

SensoryNuts the Chopper (Draconian Monk)            Turns: 2164, Time: 00:02:56

Health: 0/46       AC:  5    Str: 15    XL:     5   Next: 50%
Magic:  5/5        EV: 13    Int: 10    God:
Gold:   71         SH:  0    Dex: 13    Spells: 4/4 levels left

rFire    . . .     SeeInvis .   a - +0 hand axe
rCold    . . .     Faith    .   (no shield)
rNeg     . . .     Spirit   .   (armour unavailable)
rPois    .         Reflect  .   (helmet restricted)
rElec    .         Harm     .   (no cloak)
rCorr    .         Rampage  .   (no gloves)
Will     .....                  (no boots)
Stlth    ++........             (no amulet)
HPRegen  0.15/turn              (no ring)
MPRegen  0.09/turn              (no ring)

@: about to teleport, slowed, very slow
A: AC +5, unfitting armour, cold-blooded
a: no special abilities


You were on level 3 of the Dungeon.
You visited 1 branch of the dungeon, and saw 3 of its levels.

You collected 71 gold pieces.

Inventory:

Hand Weapons
 a - a +0 hand axe (weapon)
Jewellery
 e - an amulet of magic regeneration
Scrolls
 b - 2 scrolls of teleportation
 c - a scroll of enchant weapon {unknown}
 d - 2 scrolls of enchant armour {unknown}
 f - a scroll of amnesia {unknown}


   Skills:
 + Level 4.2 Fighting
 + Level 4.8 Axes
 + Level 3.5 Dodging
 + Level 2.5 Stealth


You had 4 spell levels left.
You didn't know any spells.
Your spell library was empty.

Dungeon Overview and Level Annotations

Branches:
Dungeon (3/15)

Altars:
Uskayaw
The Shining One

Shops:
D:1 *   D:2 :


Innate Abilities, Weirdness & Mutations

Your plain brown scales are hard. (AC +5)
You cannot fit into any form of body armour.
You are cold-blooded and may be slowed by cold attacks.


Message History

You see here a smoky sapphire potion.
The goblin shouts!
You see here 13 gold pieces.
The endoplasm quivers.
You barely miss the goblin. The goblin barely misses you.
You closely miss the goblin.
The goblin hits you with a +2 vorpal flail.
You hit the goblin but do no damage.
The goblin hits you with a +2 vorpal flail!
* * * LOW HITPOINT WARNING * * *
x2 You hit the goblin.
The goblin is moderately wounded.
You hit the endoplasm but do no damage. The goblin barely misses you.
The endoplasm misses you.
You hit the goblin.
The goblin is heavily wounded.
You hit the endoplasm.
The adder hisses angrily.
The goblin completely misses you. The endoplasm freezes you.
You are frozen.
* * * LOW HITPOINT WARNING * * *
You feel yourself slow down.
You aren't carrying any potions.
Unknown command.
You aren't carrying any potions.
Unknown command.
You aren't carrying any potions.
As you read the scroll labelled DOOGGA BOCO, it crumbles to dust.
You feel strangely unstable.
It was a scroll of teleportation.
The goblin completely misses you. The endoplasm freezes you.
You are frozen.
* * * LOW HITPOINT WARNING * * *
You feel as though you will be slow longer.
The goblin barely misses you. The endoplasm closely misses you.
Okay, then.
The goblin hits you with a +2 vorpal flail.
* * * LOW HITPOINT WARNING * * *
You die...

....#.<..#.# ..#
.#..####...# #.## .#....
###.###..### ........
#...##...
...##.#.##.#.......# .
.............##.##.# ..
.........#.####... #...
................####.....
..............$.@........
..#.#..........g.J.......
# #.###........#...S.....
###.###.#..!.(.#........#
................#.......#
........................#
...........$..........###
.................<...##
........†..........>:#


You could see an adder, an endoplasm and a goblin.

Vanquished Creatures
  A necrophage (D:3)
  2 gnolls (D:3)
  4 adders
  A worm (D:3)
  4 dart slugs
  2 ball pythons (D:1)
  4 endoplasms
  3 giant cockroaches
  5 goblins
  6 hobgoblins
  5 quokkas
  6 bats
  3 frilled lizards
  3 kobolds
  2 rats
51 creatures vanquished.

Notes
Turn   | Place    | Note
-------+----------+-------------------------------------------
     0 | D:1      | SensoryNuts the Draconian Monk began the quest for the Orb.
     0 | D:1      | Reached XP level 1. HP: 19/19 MP: 1/1
    22 | D:1      | Found Tiniympar's General Store.
    38 | D:1      | Reached XP level 2. HP: 14/26 MP: 2/2
   760 | D:1      | Reached XP level 3. HP: 33/33 MP: 3/3
  1211 | D:2      | Found Hupodeif's Book Emporium.
  1372 | D:2      | Found a hide-covered altar of Uskayaw.
  1570 | D:2      | Reached XP level 4. HP: 25/40 MP: 4/4
  1794 | D:3      | Noticed a necrophage
  2005 | D:3      | Found a glowing golden altar of the Shining One.
  2099 | D:3      | Killed a necrophage
  2100 | D:3      | Reached XP level 5. HP: 25/46 MP: 5/5
  2164 | D:3      | HP: 1/46 [goblin (3)]
  2164 | D:3      | Slain by a goblin

Illustrated notes

Levels and vault maps discovered:
D:1:      saegor_arrival_under_anarchy, layout_basic, serial_shops, shop
D:2:      layout_basic, basic_altar, serial_shops, nicolae_diamond_shop
D:3:      layout_rooms, general_overflow_altar, serial_shops, nicolae_shop_stone

Skill      XL: |  1  2  3  4 |
---------------+-------------+-----
Stealth        | 2 |  2.5
Dodging        | 3 |  3.5
Fighting       | 4 |  4.2
Axes           | 4 |  4.8

Action                   |  1- 3 |  4- 6 || total
-------------------------+-------+-------++-------
Melee: Hand axe          |   129 |    61 ||   190
       Tailslap          |     9 |     4 ||    13
  Use: Scroll            |       |     1 ||     1
 Stab: Sleeping          |     3 |     1 ||     4
Armor: Skin              |    46 |    23 ||    69
Dodge: Dodged            |    92 |    79 ||   171
